 Dungeon Crawl Stone Soup version 0.31-a0-188-g5e087ee2ca (webtiles) character file.

Game seed: 1582547512316642260

301 qw the Skirmisher (level 6, 0/35 HPs)
             Began as a Deep Elf Hunter on June 23, 2023.
             Was an Initiate of Okawaru.
             Slain by Pargi (3 damage)
             ... in a sewer.
             The game lasted 00:00:46 (1998 turns).

qw the Skirmisher (Deep Elf Hunter)                 Turns: 1998, Time: 00:00:46

Health: 0/35       AC:  8    Str: 10    XL:     6   Next: 14%
Magic:  8/8        EV:  9    Int: 14    God:    Okawaru [......]
Gold:   46         SH:  0    Dex: 18    Spells: 5/5 levels left

rFire   . . .        Y - +0 shortbow
rCold   . . .        (shield currently unavailable)
rNeg    . . .        i - +0 scale mail
rPois   .            a - +0 helmet
rElec   .            (no cloak)
rCorr   .            (no gloves)
SInv    .            j - +0 pair of boots
Will    .....        (no amulet)
Stlth   +            (no ring)
HPRegen 0.25/turn    (no ring)
MPRegen 0.11/turn

%: no passive effects
@: no status effects
A: no striking features
a: Renounce Religion


You were in a sewer.
You worshipped Okawaru.
Okawaru was noncommittal.
You visited 1 branch of the dungeon, and saw 4 of its levels.
You also visited: Sewer.

You collected 46 gold pieces.


   Skills:
 - Level 2.0 Fighting
 + Level 9.1 Ranged Weapons
 - Level 1.0 Armour
 - Level 3.0 Dodging
 - Level 1.2 Stealth


You had 5 spell levels left.
You didn't know any spells.
Your spell library was empty.

Inventory:

Hand Weapons
 Y - a +0 shortbow (weapon)
Armour
 a - a +0 helmet (worn)
 i - a +0 scale mail (worn)
 j - a +0 pair of boots (worn)
Scrolls
 c - a scroll of identify
Potions
 d - a potion of enlightenment
 e - a potion of curing
 g - a potion of might
 h - a potion of experience {unknown}
 k - a potion of attraction {unknown}

Dungeon Overview and Level Annotations

Branches:
Dungeon (4/15)              Sewer (1/1)
 Temple: D:4-7

Altars:
Fedhas
Okawaru
Yredelemnul

Annotations:
D:2 1 runed translucent door, Crazy Yiuf Sewer Pargi


Message History

You shoot an arrow. The arrow hits Pargi.
Pargi is moderately wounded.
Pargi bites you but does no damage. Pargi claws you but does no damage. x2
You shoot an arrow.
The arrow hits Pargi but does no damage.
Pargi is moderately wounded.
Pargi bites you but does no damage. Pargi claws you but does no damage. x2
Pargi bites you. Pargi claws you but does no damage. x2
You shoot an arrow. The arrow barely misses Pargi.
Pargi bites you but does no damage. Pargi closely misses you.
Pargi claws you but does no damage.
You shoot an arrow. The arrow closely misses Pargi.
Pargi clenches his teeth.
Pargi bites you. Pargi claws you but does no damage. x2
You shoot an arrow. The arrow hits Pargi.
Pargi is lightly wounded.
Pargi misses you. Pargi claws you but does no damage. x2
You shoot an arrow. The arrow completely misses Pargi.
Pargi bites you but does no damage. Pargi claws you but does no damage.
Pargi barely misses you. Pargi bites you. Pargi closely misses you.
Pargi claws you but does no damage.
You shoot an arrow.
The arrow hits Pargi but does no damage.
Pargi is lightly wounded.
Pargi bites you but does no damage. Pargi claws you but does no damage. x2
You shoot an arrow. The arrow hits Pargi.
Pargi is lightly wounded.
Pargi barely misses you. Pargi claws you. Pargi claws you but does no damage.
You shoot an arrow. The arrow closely misses Pargi.
Pargi bites you but does no damage. Pargi claws you but does no damage.
Pargi claws you.
You shoot an arrow. The arrow hits Pargi.
Pargi is moderately wounded.
Pargi barely misses you. x2; Pargi closely misses you.
Pargi bites you. Pargi claws you but does no damage. Pargi barely misses you.
You shoot an arrow.
The arrow hits Pargi but does no damage.
Pargi is lightly wounded.
Pargi bites you.
You die...

###~~~# ####
~~~~~~~#~~~#####
~~~~~~~~~~~~~~~#
~~~~~~~~~~~~~~##
~~~~~~~~~~~~~~~###
~~~~~~~~~~~~~~~~~##
~~~~~~~~~~~~~~~~~~##
~~~~.~~T~~~~~~~~~~~##
~~~~.###@~~~~~~~~~~~#
~.# #.#~~~~~~~~~~#
###~~~~~~~~~~##
###.~~~~~~~~#
###~~~~~~~##
##%~~~~~~# ##~~~~~###
##~~~~~~##
##.~~~~~~~~#


You could see Pargi.

Vanquished Creatures
  Sigmund (D:2)
  Natasha (twice) (D:2)
  2 river rats (D:3)
  3 gnolls (D:3)
  A worm (D:2)
  2 dart slugs
  3 bats
  2 giant cockroaches
  4 hobgoblins
  3 jackals (D:2)
  4 kobolds
  2 quokkas (D:1)
  8 ball pythons
  4 frilled lizards
  6 rats
47 creatures vanquished.

Notes
Turn   | Place    | Note
-------+----------+-------------------------------------------
     0 | D:1      | qw the Deep Elf Hunter began the quest for the Orb.
     0 | D:1      | Reached XP level 1. HP: 12/12 MP: 3/3
     0 | D:1      | 0 ||| qw: Version: 0.3-a-9-g12657ce
     0 | D:1      | 0 ||| qw: Game counter: 4186
     0 | D:1      | 0 ||| qw: Always use a shield: true
     0 | D:1      | 0 ||| qw: God list: Okawaru
     0 | D:1      | 0 ||| qw: Allow faded altars: false
     0 | D:1      | 0 ||| qw: Do Orc after D:15 true
     0 | D:1      | 0 ||| qw: Do second Lair branch before Depths: true
     0 | D:1      | 0 ||| qw: Lair rune preference: random
     0 | D:1      | 0 ||| qw: Plans: Normal
     0 | D:1      | 0 ||| PLANNING D:1-11
   153 | D:1      | Reached XP level 2. HP: 16/16 MP: 4/4
   161 | D:1      | Reached skill level 6 in Ranged Weapons
   727 | D:1      | 727 ||| READING scroll labelled BIAXIC BE FENE.
   728 | D:1      | 728 ||| DRINKING 2 green potions.
   729 | D:1      | 729 ||| DRINKING 2 fuming purple potions.
   730 | D:1      | 730 ||| DROPPING scroll of butterflies.
   950 | D:2      | Found a runed translucent door.
   951 | D:2      | Noticed Crazy Yiuf
   972 | D:2      | Found a basalt altar of Yredelemnul.
  1028 | D:2      | Noticed Natasha
  1031 | D:2      | Killed Natasha
  1032 | D:2      | Reached skill level 7 in Ranged Weapons
  1032 | D:2      | Reached XP level 3. HP: 12/20 MP: 5/5
  1106 | D:2      | Noticed Sigmund
  1113 | D:2      | Killed Sigmund
  1114 | D:2      | Reached skill level 9 in Ranged Weapons
  1114 | D:2      | Reached XP level 4. HP: 25/25 MP: 6/6
  1114 | D:2      | Reached XP level 5. HP: 29/29 MP: 7/7
  1131 | D:2      | Noticed Natasha
  1139 | D:2      | Killed Natasha
  1140 | D:2      | Reached skill level 3 in Dodging
  1236 | D:2      | You fall into a shaft and drop 2 floors!
  1254 | D:4      | Found an iron altar of Okawaru.
  1255 | D:4      | 1255 ||| PLANNING OKAWARU WORSHIP
  1255 | D:4      | 1255 ||| UPGRADING to +0 helmet.
  1260 | D:4      | 1260 ||| UPGRADING to +0 scale mail.
  1270 | D:4      | 1270 ||| DROPPING +0 leather armour.
  1271 | D:4      | 1271 ||| UPGRADING to +0 pair of boots.
  1276 | D:4      | 1276 ||| READING scroll labelled IMUATI HYFIAQOESIQ.
  1277 | D:4      | 1277 ||| DROPPING potion of brilliance.
  1281 | D:4      | Became a worshipper of Warmaster Okawaru
  1282 | D:4      | 1282 ||| PLANNING D:1-11
  1348 | D:3      | 1348 ||| PLANNING SEWER
  1358 | D:3      | Found a faded altar of an unknown god.
  1472 | D:3      | Reached skill level 1 in Armour
  1472 | D:3      | Reached XP level 6. HP: 23/34 MP: 8/8
  1738 | D:3      | Found a blossoming altar of Fedhas.
  1862 | D:3      | Found a glowing drain.
  1863 | D:3      | 1863 ||| Stepping ~*~*~tactically~*~*~ (water).
  1875 | D:3      | 1875 ||| READING scroll labelled ROCRAKHOSHO.
  1878 | D:3      | 1878 ||| READING 2 scrolls labelled KAELILEYSI.
  1879 | D:3      | 1879 ||| READING 3 scrolls of identify.
  1879 | D:3      | 1879 ||| IDENTIFYING pink potion
  1880 | D:3      | 1880 ||| READING 2 scrolls of identify.
  1880 | D:3      | 1880 ||| IDENTIFYING coppery potion
  1881 | D:3      | 1881 ||| DROPPING potion of ambrosia.
  1882 | D:3      | 1882 ||| DROPPING scroll of noise.
  1957 | Sewer    | Entered a sewer
  1963 | Sewer    | 1963 ||| Stepping ~*~*~tactically~*~*~ (water).
  1976 | Sewer    | Noticed Pargi
  1977 | Sewer    | 1977 ||| Stepping ~*~*~tactically~*~*~ (water).
  1979 | Sewer    | 1979 ||| Stepping ~*~*~tactically~*~*~ (water).
  1993 | Sewer    | HP: 8/35 [Pargi (1)]
  1997 | Sewer    | HP: 3/35 [Pargi (3)]
  1998 | Sewer    | Slain by Pargi

Levels and vault maps discovered:
D:1:      kennysheep_arrival_forest, layout_basic, hex_tiny,
          minmay_misc_feat_encased, minmay_pentomino_o4
D:2:      layout_basic, basic_altar, uniq_crazy_yiuf_cottage, uniq_sigmund,
          uniq_natasha
D:3:      layout_basic, lemuel_coloured_pillars_altar, fedhas_altar_fruit_tree,
          portal_sewer_entry_e, hellmonk_ecumenical_altar_arch_garden
D:4:      layout_basic, mainiacjoe_overflow_alcove_4,
          chequers_temple_overflow_minitemple, elyvilon_altar_3,
          nicolae_hexahallways, minmay_misc_feat_rows
Sewer:    sewer_co_pargi_island

Skill      XL: |  1  2  3  4  5  6 |
---------------+-------------------+-----
Ranged Weapons | 7 9 |  9.1
Dodging        | 3 |  3.0
Armour         | 1 |  1.0
Fighting       | 2 |  2.0
Stealth        | |  1.2

Action                     |  1- 3 |  4- 6 || total
---------------------------+-------+-------++-------
   Fire: Shortbow          |    82 |    97 ||   179
    Use: Potion            |     2 |       ||     2
         Scroll            |     1 |     5 ||     6
 Armour: Leather armour    |     5 |     1 ||     6
         Scale mail        |       |    53 ||    53
  Dodge: Dodged            |    22 |    53 ||    75

Table legend:
 A = Non-vault XP
 B = Vault XP
 C = Vault XP percentage of total XP
 D = Non-vault monster count
 E = Vault monster count
 F = Vault count percentage of total count
                 A         B        C        D         E       F
            +---------+---------+-------+---------+---------+-------
      Total |     131 |     300 |  69.6 |      32 |      15 |  31.9
            +---------+---------+-------+---------+---------+-------
        D:1 |      23 |       2 |   8.0 |      14 |       2 |  12.5
        D:2 |      58 |     259 |  81.7 |      11 |       2 |  15.4
        D:3 |      50 |      36 |  41.9 |       7 |       8 |  53.3
      Sewer |       0 |       3 | 100.0 |       0 |       3 | 100.0
            +---------+---------+-------+---------+---------+-------
